 Dungeon Crawl Stone Soup version 0.28-b1-25-g9875b3fc8c (webtiles) character file.

Game seed: 309933490246097828

886 Kaptain the Digger (level 8, -8/45 HPs)
             Began as a Gargoyle Earth Elementalist on Feb 2, 2022.
             Mangled by a two-headed ogre (21 damage)
             ... on level 5 of the Dungeon.
             The game lasted 00:09:42 (4856 turns).

Kaptain the Digger (Gargoyle Earth Elementalist)    Turns: 4856, Time: 00:09:44

Health: -8/45      AC: 10    Str: 19    XL:     8   Next: 5%
Magic:  6/14       EV: 12    Int: 17    God:
Gold:   224        SH:  0    Dex: 10    Spells: 11/15 levels left

rFire   . . .      SeeInvis .   k - +0 long sword (chaos)
rCold   . . .      Faith    .   (no shield)
rNeg    + . .      Spirit   .   q - +0 leather armour
rPois   ∞          Reflect  .   (no helmet)
rElec   +          Harm     .   (no cloak)
rCorr   .          Rampage  .   d - +0 pair of gloves
Will    .....                   (no boots)
Stlth   ++........              (no amulet)
HPRegen 0.15/turn               j - +6 ring of strength
MPRegen 0.14/turn               (no ring)

@: no status effects
A: sickness immunity, AC +5, negative energy resistance 1, electricity
resistance, torment resistance 1, petrification resistance
a: no special abilities


You were on level 5 of the Dungeon.
You visited 2 branches of the dungeon, and saw 6 of its levels.

You collected 224 gold pieces.

Inventory:

Hand Weapons
 i - a +0 dagger
 k - a +0 long sword of chaos (weapon)
 l - a +1 dagger of holy wrath
Missiles
 c - 93 stones
Armour
 d - a +0 pair of gloves (worn)
 q - a +0 leather armour (worn)
Magical Staves
 m - a staff of cold
Jewellery
 j - a +6 ring of strength (left hand)
Scrolls
 g - 2 scrolls of teleportation
 o - a scroll of silence {unknown}
 p - a scroll of enchant weapon {unknown}
Potions
 a - a potion of berserk rage
 e - 2 potions of invisibility {unknown}
 f - 2 potions of heal wounds
 h - 2 potions of degeneration {unknown}
 n - a potion of curing {unknown}


   Skills:
 + Level 2.7 Fighting
 + Level 2.6 Armour
 + Level 2.7 Dodging
 + Level 4.0 Stealth
 * Level 4.2 Spellcasting
 * Level 3.4 Conjurations
 - Level 0.7 Transmutations
 * Level 6.1 Earth Magic


You had 11 spell levels left.
You knew the following spells:

 Your Spells              Type           Power      Damage    Failure   Level
a - Sandblast             Erth           48%        2d12      1%          1
b - Stone Arrow           Conj/Erth      38%        3d9       8%          3

Your spell library contained the following spells:

 Spells                   Type           Power      Damage    Failure   Level
 Passwall                 Tmut/Erth      12%        N/A       7%          2
 Petrify                  Tmut/Erth      15%        N/A       41%         4
 Summon Guardian Golem    Hex/Summ       3%         N/A       50%         3
 Orb of Destruction       Conj           7%         9d6       100%        7
 Spellforged Servitor     Conj/Summ      4%         N/A       100%        7


Dungeon Overview and Level Annotations

Branches:
Dungeon (5/15)             Temple (1/1) D:4

Altars:
Ashenzari
Cheibriados
Dithmenos
Elyvilon
Fedhas
Hepliaklqana
Kikubaaqudgha
Makhleb
Nemelex Xobeh
Qazlal
Sif Muna
Trog
Uskayaw
Vehumet
Wu Jian
Xom
Yredelemnul
Zin

Shops:
D:2 [   D:5 *

Annotations:
D:5 1 runed translucent door, ghwc's ghost, weakling MfDe


Innate Abilities, Weirdness & Mutations

You are immune to sickness and miasma.
Your stone body is resilient. (AC +5)
You are immune to poison.
You resist negative energy. (rN+)
You are resistant to electric shocks. (rElec)
You are resistant to unholy torment.
You are immune to petrification.


Message History

Aiming: Sandblast (safe; 1% risk of failure)
Press: ? - help, Shift-Dir - straight line, f/p - two-headed ogre
Aim: a two-headed ogre, wielding two +0 giant spiked clubs (moderately wounded, 91% to hit)
The blast of sand hits the two-headed ogre.
The two-headed ogre is moderately wounded.
Casting: Sandblast (safe; 1% risk of failure)
Confirm with . or Enter, or press ? or * to list all spells.
Aiming: Sandblast (safe; 1% risk of failure)
Press: ? - help, Shift-Dir - straight line, f/p - two-headed ogre
Aim: a two-headed ogre, wielding two +0 giant spiked clubs (moderately wounded, 91% to hit)
The blast of sand misses the two-headed ogre.
The two-headed ogre hits you with a +0 giant spiked club!!
The two-headed ogre barely misses you.
Casting: Sandblast (safe; 1% risk of failure)
Confirm with . or Enter, or press ? or * to list all spells.
Aiming: Sandblast (safe; 1% risk of failure)
Press: ? - help, Shift-Dir - straight line, f/p - two-headed ogre
Aim: a two-headed ogre, wielding two +0 giant spiked clubs (moderately wounded, 91% to hit)
The blast of sand hits the two-headed ogre.
The two-headed ogre is heavily wounded.
Unknown command.
Casting: Sandblast (safe; 1% risk of failure)
Confirm with . or Enter, or press ? or * to list all spells.
Aiming: Sandblast (safe; 1% risk of failure)
Press: ? - help, Shift-Dir - straight line, f/p - two-headed ogre
Aim: a two-headed ogre, wielding two +0 giant spiked clubs (heavily wounded, 91% to hit)
The blast of sand hits the two-headed ogre!
The two-headed ogre is severely wounded.
The two-headed ogre hits you with a +0 giant spiked club!
The two-headed ogre hits you with a +0 giant spiked club.
* * * LOW HITPOINT WARNING * * *
Casting: Sandblast (safe; 1% risk of failure)
Confirm with . or Enter, or press ? or * to list all spells.
Aiming: Sandblast (safe; 1% risk of failure)
Press: ? - help, Shift-Dir - straight line, f/p - two-headed ogre
Aim: a two-headed ogre, wielding two +0 giant spiked clubs (severely wounded, 91% to hit)
The blast of sand hits the two-headed ogre but does no damage.
The two-headed ogre is severely wounded.
The two-headed ogre hits you with a +0 giant spiked club!!
You die...

## . ##
#.#. .#.
.. #. #
#.##.##.#
#.@O....#
#######.#
# .#
#..##
>....
#.#. ..#


You could see a two-headed ogre.

Vanquished Creatures
  A black bear (D:2)
  3 necrophages
  An ogre (D:5)
  A centaur (D:5)
  A scorpion (D:5)
  A howler monkey (D:5)
  A bullfrog zombie (D:5)
  A hound (D:4)
  A jelly (D:5)
  2 orc priests (D:3)
  A hound skeleton (D:4)
  An adder (D:2)
  A worm (D:2)
  6 dart slugs
  13 orcs
  5 ball pythons
  8 endoplasms
  A giant cockroach (D:2)
  4 goblins
  8 hobgoblins
  3 jackals (D:4)
  6 kobolds
  5 quokkas
  5 bats
  3 frilled lizards
  3 rats
86 creatures vanquished.

Vanquished Creatures (others)
  2 withered plants (D:5)
2 creatures vanquished.

Grand Total: 88 creatures vanquished

Notes
Turn   | Place    | Note
-------+----------+-------------------------------------------
     0 | D:1      | Kaptain the Gargoyle Earth Elementalist began the quest for
                  | the Orb.
     0 | D:1      | Reached XP level 1. HP: 10/10 MP: 3/3
   245 | D:1      | Reached XP level 2. HP: 8/16 MP: 1/5
   883 | D:1      | Reached skill level 4 in Earth Magic
  1100 | D:2      | Found a shadowy altar of Dithmenos.
  1108 | D:2      | Reached XP level 3. HP: 20/20 MP: 4/6
  1113 | D:2      | Learned a level 3 spell: Stone Arrow
  1186 | D:2      | Noticed a black bear
  1192 | D:2      | Killed a black bear
  1193 | D:2      | Reached skill level 1 in Fighting
  1193 | D:2      | Reached skill level 1 in Armour
  1193 | D:2      | Reached XP level 4. HP: 17/25 MP: 0/8
  1193 | D:2      | Reached XP level 5. HP: 20/29 MP: 0/9
  1310 | D:2      | Found a faded altar of an unknown god.
  1502 | D:2      | Found Nanwyrchi's Antique Armour Shop.
  2763 | D:3      | Reached skill level 1 in Conjurations
  2788 | D:3      | Reached XP level 6. HP: 35/35 MP: 8/10
  3066 | D:3      | Reached skill level 5 in Earth Magic
  3335 | D:4      | Found a shimmering blue altar of Sif Muna.
  3335 | D:4      | Noticed a necrophage
  3349 | D:3      | Killed a necrophage
  3560 | D:4      | Found a staircase to the Ecumenical Temple.
  3573 | Temple   | Entered the Ecumenical Temple
  3937 | D:4      | Noticed a necrophage
  3944 | D:4      | Killed a necrophage
  3945 | D:4      | Reached XP level 7. HP: 40/40 MP: 7/12
  4153 | D:4      | Found a hide-covered altar of Uskayaw.
  4300 | D:5      | Entered Level 5 of the Dungeon
  4404 | D:5      | Found a runed translucent door.
  4404 | D:5      | Noticed ghwc's ghost (weakling MfDe)
  4581 | D:5      | Found Ugoskici's Assorted Antiques.
  4646 | D:5      | Reached skill level 6 in Earth Magic
  4684 | D:5      | Reached XP level 8. HP: 36/45 MP: 10/14
  4850 | D:5      | Noticed a two-headed ogre
  4856 | D:5      | Mangled by a two-headed ogre

Illustrated notes

Levels and vault maps discovered:
D:1:      sevenhm_arrival_forest_fort_small_3, layout_loops_cross
D:2:      layout_loops_ring, nicolae_ecumenical_oubliette, serial_shops,
          nicolae_diamond_shop, basic_altar
D:3:      layout_basic, serial_corexii_hall, corexii_hall_statues_u,
          corexii_hall_statues_x, minmay_pentomino_pile
D:4:      layout_cave_pools, lemuel_coloured_pillars_altar,
          nicolae_sif_muna_condensation, minmay_temple_entry_glass, st_stairs_3
D:5:      layout_loops_cross, okawaru_trees_2, serial_shops,
          nicolae_shop_behind_doors, gammafunk_ghost_grave
Temple:   lightli_temple_of_artemis

Skill      XL: |  1  2  3  4  5  6  7 |
---------------+----------------------+-----
Earth Magic    | 4 5 6 |  6.1
Fighting       | 1 2 |  2.7
Armour         | 1 2 |  2.6
Dodging        | 2 |  2.7
Spellcasting   | 3 4 |  4.2
Stealth        | 3 4 |  4.0
Conjurations   | 1 2 3 |  3.4
Transmutations | |  0.7

Action                   |  1- 3 |  4- 6 |  7- 9 || total
-------------------------+-------+-------+-------++-------
Melee: Unarmed           |     1 |       |       ||     1
       Long sword        |       |    73 |     2 ||    75
       Dagger            |       |     4 |       ||     4
       Punch             |       |     1 |       ||     1
 Cast: Sandblast         |    37 |    56 |    26 ||   119
       Stone Arrow       |       |       |     3 ||     3
  Use: Scroll            |     3 |     5 |       ||     8
 Stab: Sleeping          |     1 |     1 |     1 ||     3
Armor: Robe              |     5 |    27 |     4 ||    36
Dodge: Dodged            |    13 |    63 |     9 ||    85
